 Dungeon Crawl Stone Soup version 0.29.1-12-g30fa7ad0bf (webtiles) character file.

Game seed: 17979829013753022228

3673 fantasyman the Carver (level 10, -6/77 HPs)
             Began as a Formicid Fighter on Dec 20, 2022.
             Was an Initiate of the Shining One.
             Killed by divine providence
             ... invoked by an orc priest
              (12 damage)
             ... on level 7 of the Dungeon.
             The game lasted 00:09:36 (8847 turns).

fantasyman the Carver (Formicid Fighter)            Turns: 8847, Time: 00:09:36

Health: -6/77      AC: 16    Str: 25    XL:     10   Next: 34%
Magic:  10/10      EV:  9    Int:  8    God:    the Shining One [......]
Gold:   365        SH:  9    Dex: 13    Spells: 9/9 levels left

rFire   + + .      SeeInvis +   m - +3 long sword "Trog's Hatred" {flame, +Blink rF+ Stlth+}
rCold   . . .      Faith    .   y - +0 kite shield
rNeg    . . .      Spirit   .   A - +3 ring mail {rF+}
rPois   .          Reflect  .   (helmet unavailable)
rElec   .          Harm     .   (no cloak)
rCorr   +          Rampage  .   (no gloves)
Will    +....                   (no boots)
Stlth   ++........              (no amulet)
HPRegen 0.22/turn               o - +4 ring of protection
MPRegen 0.12/turn               u - ring of resist corrosion

@: glowing
A: permanent stasis, dig shafts and tunnels, antennae 3, four strong arms,
iridescent scales 1
a: Dig, Shaft Self, Renounce Religion


You were on level 7 of the Dungeon.
You worshipped the Shining One.
The Shining One was noncommittal.
You visited 2 branches of the dungeon, and saw 8 of its levels.

You collected 365 gold pieces.

Inventory:

Hand Weapons
 m - the +3 long sword "Trog's Hatred" (weapon) {flame, +Blink rF+ Stlth+}
   (You found it on level 2 of the Dungeon)

   It burns those it strikes, dealing additional fire damage.
   Big, fiery blades are also staple armaments of hydra-hunters.
   rF:        It protects you from fire.
   +Blink:    It lets you blink.
   Stlth:     It makes you more stealthy.
Armour
 y - a +0 kite shield (worn)
 A - a +3 ring mail of fire resistance (worn)
Jewellery
 k - a ring of flight
 o - a +4 ring of protection (left hand)
 s - a ring of poison resistance
 u - a ring of resist corrosion (right hand)
 v - a ring of ice
Wands
 t - a wand of iceblast (5)
Scrolls
 a - a scroll of poison
 b - 3 scrolls of identify
 c - a scroll of acquirement {unknown}
 d - 2 scrolls of amnesia
 h - 2 scrolls of magic mapping
 j - a scroll of silence
 r - 3 scrolls of enchant weapon
 z - a scroll of vulnerability
 C - a scroll of fog
Potions
 e - a potion of flight
 f - 5 potions of curing
 g - 2 potions of heal wounds
 i - a potion of degeneration
 l - 4 potions of brilliance
 n - a potion of magic {unknown}
 p - a potion of lignification
 q - a potion of might
 w - a potion of ambrosia {unknown}
 x - a potion of invisibility {unknown}
 B - a potion of attraction {unknown}


   Skills:
 * Level 6.6 Fighting
 * Level 9.5 Long Blades
 - Level 2.8 Axes
 * Level 8.8 Armour
 * Level 5.6 Stealth
 * Level 4.9 Shields


You had 9 spell levels left.
You didn't know any spells.
Your spell library contained the following spells:

 Spells                   Type           Power      Damage    Failure   Level
 Necrotise                Necr           0%         1d4       80%         1
 Ensorcelled Hibernation  Hex/Ice        0%         N/A       91%         2
 Poisonous Vapours        Pois/Air       0%         N/A       91%         2
 Dazzling Flash           Conj/Hex       0%         N/A       99%         3
 Spider Form              Tmut/Pois      0%         N/A       99%         3
 Vampiric Draining        Necr           0%         2d6       99%         3
 Anguish                  Hex/Necr       0%         N/A       100%        4
 Corpse Rot               Necr/Pois/Air  0%         N/A       100%        4
 Agony                    Necr           0%         N/A       100%        5
 Silence                  Hex/Air        0%         N/A       100%        5


Dungeon Overview and Level Annotations

Branches:
Dungeon (7/15)             Temple (1/1) D:6

Altars:
Ashenzari
Cheibriados
Elyvilon
Fedhas
Okawaru
Ru
Vehumet
Yredelemnul
The Shining One

Shops:
D:1 :


Innate Abilities, Weirdness & Mutations

You cannot be hasted, slowed, berserked, paralysed or teleported.
You can dig through walls and to a lower floor.
You have a pair of large antennae on your head. (SInv)
Your four strong arms can wield two-handed weapons with a shield.
You are partially covered in iridescent scales. (AC +2)


Message History

You resist with significant effort.
You hit the orc warrior. You burn the orc warrior.
The orc warrior is heavily wounded.
You block the orc warrior's attack. You block the orc priest's attack.
You hit the orc warrior but do no damage.
The orc warrior is heavily wounded.
The orc warrior hits you with a +0 glaive!
You block the orc priest's attack. The orc warrior closely misses you.
The orc priest calls upon Beogh to heal the orc warrior.
The orc warrior is healed somewhat.
You slash the orc warrior! You burn the orc warrior.
The orc warrior is heavily wounded.
The orc warrior hits you with a +0 glaive!!
The orc priest invokes the aid of Beogh against you.
Pain shoots through your body!
You hit the orc warrior but do no damage.
The orc warrior is heavily wounded.
The orc priest hits you but does no damage.
The orc warrior barely misses you.
You hit the orc warrior but do no damage.
The orc warrior is heavily wounded.
You block the orc priest's attack. The orc warrior barely misses you.
You slash the orc warrior! You burn the orc warrior.
The orc warrior is almost dead.
The orc priest misses you. You block the orc warrior's attack.
You hit the orc warrior. You burn the orc warrior.
You kill the orc warrior!
The orc priest looks encouraged for a moment.
The orc priest invokes the aid of Beogh against you.
Beogh smites you!
* * * LOW HITPOINT WARNING * * *
Items here: )) [[ ††.
You barely miss the orc priest.
The orc priest mumbles some strange prayers to Beogh against you.
Beogh smites you!
* * * LOW HITPOINT WARNING * * *
You barely miss the orc priest.
The orc priest mumbles some strange prayers to Beogh against you.
Beogh smites you!
You die...

.#...######...........
..# .##...# #.....)##.##
...# ..##...#
##.......#.##.....
#.#.....#
##.............#
........#
##....##..#..###
........# #.....#......#
...........#............#
................##...$.##
...........#..#.@)......#
........
..#..##o##....... .......
..o####.....# ......
...... .....# ....P⌠..
#...## ....♣♣..# ..##
.... P♣.# .# .## # ##


You could see an orc priest and an orc.

Vanquished Creatures
  Pikel (D:4)
  Grinder (D:5)
  Prince Ribbit (D:5)
  A hornet (D:5)
  A yak (D:5)
  Menkaure (D:4)
  A water moccasin (D:5)
  Duvessa (D:5)
  An ice beast (D:4)
  2 orc warriors
  3 black bears
  3 ogres
  A centaur (D:3)
  A phantom (D:5)
  A bullfrog (D:6)
  3 scorpions
  Dowan (D:5)
  A killer bee (D:5)
  A howler monkey (D:4)
  3 jellies
  2 hounds
  A quasit (D:7)
  5 iguanas
  6 orc wizards
  8 gnolls
  11 adders
  6 white imps
  2 ufetubi
  2 worms (D:4)
  4 dart slugs
  14 orcs
  10 endoplasms
  6 giant cockroaches
  9 goblins
  8 hobgoblins
  5 kobolds
  7 quokkas
  9 ball pythons
  9 bats
  6 frilled lizards
  13 rats
172 creatures vanquished.

Vanquished Creatures (others)
  A demonic plant (D:7)
1 creature vanquished.

Grand Total: 173 creatures vanquished

Notes
Turn   | Place    | Note
-------+----------+-------------------------------------------
     0 | D:1      | fantasyman the Formicid Fighter began the quest for the
                  | Orb.
     0 | D:1      | Reached XP level 1. HP: 18/18 MP: 1/1
   243 | D:1      | Found Anedam's Book Shop.
   256 | D:1      | Reached XP level 2. HP: 20/24 MP: 2/2
   733 | D:1      | Reached XP level 3. HP: 29/29 MP: 3/3
  1364 | D:2      | Reached XP level 4. HP: 37/37 MP: 4/4
  1364 | D:2      | Identified the +3 long sword "Trog's Hatred" {flame, +Blink
                  | rF+ Stlth+}
  1440 | D:2      | Reached skill level 1 in Long Blades
  1765 | D:2      | Found a broken altar of Ashenzari.
  1821 | D:2      | Reached XP level 5. HP: 42/42 MP: 5/5
  2356 | D:3      | Reached skill level 2 in Long Blades
  2368 | D:3      | Noticed a centaur
  2383 | D:3      | Killed a centaur
  2384 | D:3      | Reached skill level 1 in Stealth
  2384 | D:3      | Reached XP level 6. HP: 22/48 MP: 6/6
  2559 | D:3      | Reached skill level 3 in Long Blades
  3210 | D:4      | Noticed an orc warrior
  3664 | D:4      | Noticed a black bear
  3683 | D:4      | Killed a black bear
  3684 | D:4      | Reached XP level 7. HP: 48/55 MP: 7/7
  3778 | D:4      | Reached skill level 4 in Long Blades
  3878 | D:4      | Reached skill level 5 in Armour
  4573 | D:4      | Noticed Menkaure
  4574 | D:4      | Noticed Pikel
  4577 | D:4      | Killed Menkaure
  4587 | D:4      | Killed Pikel
  4588 | D:4      | Reached skill level 5 in Fighting
  4588 | D:4      | Reached skill level 5 in Long Blades
  4588 | D:4      | Reached XP level 8. HP: 31/62 MP: 8/8
  5290 | D:5      | Entered Level 5 of the Dungeon
  5313 | D:5      | Gained mutation: You are partially covered in iridescent
                  | scales. (AC +2) [potion of mutation]
  5315 | D:5      | Noticed Grinder
  5324 | D:5      | Reached skill level 6 in Long Blades
  5674 | D:5      | Killed Grinder
  5675 | D:5      | Reached XP level 9. HP: 68/68 MP: 9/9
  5773 | D:5      | Reached skill level 7 in Long Blades
  6031 | D:5      | Noticed Duvessa
  6031 | D:5      | Noticed Dowan
  6074 | D:5      | Killed Duvessa
  6087 | D:5      | Killed Dowan
  6592 | D:5      | Noticed Prince Ribbit
  6627 | D:5      | Killed Prince Ribbit
  6777 | D:5      | Noticed a hornet
  6948 | D:5      | Killed a hornet
  6949 | D:5      | Reached skill level 8 in Long Blades
  7563 | D:5      | Reached skill level 5 in Stealth
  7580 | D:5      | Reached XP level 10. HP: 36/76 MP: 10/10
  7937 | D:6      | Found a staircase to the Ecumenical Temple.
  7950 | Temple   | Entered the Ecumenical Temple
  7960 | Temple   | Became a worshipper of the Shining One
  7993 | D:6      | Reached skill level 9 in Long Blades
  8598 | D:6      | Found a snail-covered altar of Cheibriados.
  8602 | D:6      | Found an iron altar of Okawaru.
  8847 | D:7      | Killed from afar by an orc priest

Illustrated notes

Levels and vault maps discovered:
D:1:      ncdulo_smallfort, layout_basic, serial_shops, nicolae_shop_crystal,
          minmay_tripent
D:2:      layout_loops_ring, basic_altar, minmay_heptomino_l4
D:3:      layout_basic, minmay_misc_feat_columns
D:4:      layout_layer_cave, uniq_menkaure, uniq_pikel
D:5:      layout_rooms, minmay_divided_ellipse, uniq_duvessa,
          uniq_prince_ribbit1, uniq_grinder
D:6:      layout_basic, grunt_temple_overflow_open,
          minmay_temple_entry_overgrown
D:7:      layout_cave_pools, serial_demonic, serial_demonic_a, serial_demonic_e,
          serial_demonic_b, serial_demonic_a, serial_demonic_e,
          serial_demonic_c, serial_demonic_e, serial_demonic_d
Temple:   hellmonk_temple_of_storms

Skill      XL: |  1  2  3  4  5  6  7  8  9 10 |
---------------+-------------------------------+-----
Armour         | 4 6 7 8 |  8.8
Fighting       | 4 5 6 |  6.6
Long Blades    | 1 2 3 5 6 8 9 |  9.5
Stealth        | 1 3 5 |  5.6
Axes           | |  2.8
Shields        | |  4.9

Action                   |  1- 3 |  4- 6 |  7- 9 | 10-12 || total
-------------------------+-------+-------+-------+-------++-------
Melee: War axe           |    65 |       |       |       ||    65
       Long sword        |       |   158 |   221 |   128 ||   507
  Use: Scroll            |     1 |     9 |     8 |       ||    18
       Potion            |       |       |     5 |       ||     5
 Stab: Sleeping          |       |     1 |     3 |       ||     4
Armor: Scale mail        |    34 |   107 |    13 |       ||   154
       Chain mail        |       |       |    69 |       ||    69
       Ring mail         |       |       |    27 |    61 ||    88
Dodge: Dodged            |    39 |    81 |    89 |    51 ||   260
Block: Buckler           |    16 |    73 |    40 |       ||   129
       Kite shield       |       |       |       |    53 ||    53
